 Dungeon Crawl Stone Soup version 0.27-a0-860-gaf99fae3ca (webtiles) character file.

Game seed: 5160609480917080440

4399 robertstho the Thaumaturge (level 10, 0/53 HPs)
             Began as a Deep Elf Ice Elementalist on Mar 31, 2021.
             Was a Priest of Sif Muna.
             Slain by a thrashing horror (11 damage)
             ... on level 1 of the Abyss on Apr 1, 2021.
             The game lasted 00:19:02 (11202 turns).

robertstho the Thaumaturge (DEIE)                  Turns: 11202, Time: 00:19:03

Health: 0/53       AC:  6    Str:  5    XL:     10   Next: 13%
Magic:  26/26      EV: 19    Int: 24    God:    Sif Muna [***...]
Gold:   467        SH:  0    Dex: 21    Spells: 15/30 levels left

rFire    + . .     SeeInvis .   c - +3 dagger (venom)
rCold    + . .     Faith    .   (no shield)
rNeg     . . .     Spirit   .   b - +2 robe {rC+ rF+}
rPois    +         Reflect  .   d - +2 hat
rElec    .         Harm     .   (no cloak)
rCorr    .         Rampage  .   (no gloves)
Will     +....                  (no boots)
Stlth    +++.......             (no amulet)
HPRegen  0.17/turn              f - ring "Noimaz" {EV+4 Dex+6 Slay+6}
MPRegen  0.20/turn              g - ring of poison resistance

@: about to teleport
A: no striking features
a: Renounce Religion, Channel Magic, Forget Spell


You were on level 1 of the Abyss.
You worshipped Sif Muna.
Sif Muna was most pleased with you.
You visited 1 branch of the dungeon, and saw 9 of its levels.
You visited the Abyss 1 time.
You also visited: Ossuary.

You collected 500 gold pieces.
You spent 33 gold pieces at shops.

Inventory:

Hand Weapons
 a - a +0 dagger of freezing
 c - a +3 dagger of venom (weapon)
 y - a +5 flail of freezing
Armour
 b - a +2 robe of resistance (worn)
 d - a +2 hat (worn)
Jewellery
 f - the ring "Noimaz" (left hand) {EV+4 Dex+6 Slay+6}
   (You acquired it on level 4 of the Dungeon)

   [ring of evasion]

   It affects your evasion (+4).
   It affects your dexterity (+6).
   It affects your accuracy and damage with ranged weapons and melee attacks
   (+6).
 g - a ring of poison resistance (right hand)
 q - a +4 ring of protection
Wands
 h - a wand of charming (12)
 s - a wand of polymorph (14)
 u - a wand of flame (22)
 z - a wand of iceblast (8)
Scrolls
 k - a scroll of magic mapping
 m - 2 scrolls of brand weapon
 r - 4 scrolls of enchant weapon
 A - a scroll of enchant armour
 B - a scroll of amnesia {unknown}
 C - a scroll of fear {unknown}
Potions
 e - 6 potions of brilliance
 j - 4 potions of attraction
 n - a potion of might
 o - 3 potions of cancellation
 p - a potion of ambrosia
 t - a potion of resistance
 w - a potion of berserk rage
Miscellaneous
 D - a lightning rod (4/4)


   Skills:
 + Level 2.1 Fighting
 + Level 4.5 Short Blades
 + Level 5.4 Dodging
 + Level 5.6 Stealth
 * Level 10.8 Spellcasting
 + Level 1.8 Conjurations
 + Level 0.7 Summonings
 * Level 9.3 Ice Magic
 * Level 5.7 Invocations


You had 15 spell levels left.
You knew the following spells:

 Your Spells              Type           Power      Damage    Failure   Level
a - Freeze                Ice            100%       1d11      1%          1
b - Frozen Ramparts       Ice            100%       1d12      1%          3
c - Ozocubu's Armour      Ice            55%        N/A       1%          3
e - Hailstorm             Conj/Ice       39%        3d9       4%          4
f - Summon Ice Beast      Ice/Summ       37%        N/A       6%          4

Your spell library contained the following spells:

 Spells                   Type           Power      Damage    Failure   Level
 Magic Dart               Conj           84%        1d7       2%          1
 Searing Ray              Conj           42%        3d4       3%          2
 Beastly Appendage        Tmut           24%        N/A       4%          1
 Ice Form                 Ice/Tmut       35%        N/A       7%          4
 Wereblood                Tmut           12%        N/A       8%          2
 Dazzling Flash           Conj/Hex       34%        N/A       10%         3
 Confusing Touch          Hex            13%        N/A       14%         3
 Gell's Gravitas          Tloc           6%         N/A       14%         3
 Spider Form              Tmut/Pois      6%         N/A       14%         3
 Metabolic Englaciation   Hex/Ice        17%        N/A       21%         5
 Fulminant Prism          Conj/Hex       8%         3d7       32%         4
 Iskenderun's Mystic Bla  Conj/Tloc      17%        2d5       32%         4
 Petrify                  Tmut/Erth      12%        N/A       43%         4
 Hydra Form               Tmut           6%         N/A       80%         5
 Yara's Violent Unravell  Hex/Tmut       6%         3d5       80%         5


Dungeon Overview and Level Annotations

Branches:
Dungeon (9/15)             Temple (0/1) D:6         Ossuary (visited)
   Lair: D:8-11         Orc: D:9-12

Altars:
Ashenzari
Cheibriados
Dithmenos
Elyvilon
Fedhas
Gozag
Makhleb
Okawaru
Qazlal
Ru
Sif Muna
Trog
Uskayaw
Wu Jian
Yredelemnul

Shops:
D:1 !   D:4 (

Annotations:
D:9 Psyche


Message History

The thrashing horror tramples you.
You hold your ground!
The thrashing horror completely misses you.
Found a pair of boots.
The thrashing horror tramples you!
* * * LOW HITPOINT WARNING * * *
You stumble backwards!
The thrashing horror roars!
The thrashing horror completely misses you.
The thrashing horror barely misses you.
The thrashing horror closely misses you.
The thrashing horror tramples you but does no damage.
The thrashing horror closely misses you. x2
The thrashing horror misses you. The thrashing horror tramples you.
* * * LOW HITPOINT WARNING * * *
You stumble backwards!
The thrashing horror tramples you.
* * * LOW HITPOINT WARNING * * *
You stumble backwards!
As you read the scroll of teleportation, it crumbles to dust.
You feel strangely unstable.
You feel the power of the Abyss delaying your translocation!
The thrashing horror tramples you.
* * * LOW HITPOINT WARNING * * *
You stumble backwards!
Unknown command.
You feel better. The thrashing horror misses you.
The thrashing horror completely misses you.
The thrashing horror misses you.
The thrashing horror closely misses you.
The thrashing horror completely misses you.
The thrashing horror tramples you.
* * * LOW HITPOINT WARNING * * *
You stumble backwards!
An iron imp comes into view.
The thrashing horror tramples you.
* * * LOW HITPOINT WARNING * * *
You hold your ground!
The thrashing horror barely misses you.
Found 31 gold pieces.
The thrashing horror tramples you!
You die...

................ .
.................
.##..##..##..##.##
#..##..##..##..##
.................#
.....
.............
.##..##..##..##...
#..##..##X.##..#
5. .......@....#
.. .............#
..##..##..##...#
.. #.. #$.# ....
... .... ..# ...
..... ## .## #..##
#..#


You could see a thrashing horror.

Vanquished Creatures
  Pikel (D:7)
  3 yaks (D:8)
  A wyvern (D:7)
  A hornet zombie (D:8)
  A water moccasin (D:4)
  3 orc warriors
  An ogre (D:7)
  A sky beast (D:8)
  A necrophage (D:8)
  2 centaurs
  2 elf zombies (Ossuary)
  3 kobold brigands
  Blork the orc (D:4)
  2 bullfrogs (D:8)
  A gnoll sergeant (D:8)
  A scorpion (D:6)
  2 water moccasin skeletons (D:7)
  8 killer bees
  3 wights (D:8)
  2 howler monkeys
  2 centaur zombies
  A jelly (D:7)
  A hound (D:4)
  A bullfrog skeleton (D:4)
  2 human zombies (Ossuary)
  3 orc priests (D:6)
  A gnoll shaman (D:7)
  An iguana (D:5)
  8 orc wizards
  3 hound zombies (Ossuary)
  3 mummies (Ossuary)
  7 gnolls
  7 adders
  An ufetubus (D:6)
  5 adder zombies (Ossuary)
  An adder skeleton (D:4)
  2 dart slugs
  28 orcs
  9 endoplasms
  2 giant cockroaches
  2 gnoll zombies (Ossuary)
  10 goblins
  4 hobgoblins
  12 jackals
  6 quokkas
  5 ball pythons
  2 bats (D:3)
  2 frilled lizards (D:1)
  A goblin zombie (Ossuary)
  3 hobgoblin zombies (Ossuary)
  2 jackal zombies (Ossuary)
  18 kobolds
  5 kobold zombies (Ossuary)
  An orc zombie (Ossuary)
  5 quokka zombies
  5 rats
  4 rat zombies (Ossuary)
215 creatures vanquished.

Vanquished Creatures (collateral kills)
  An ancient zyme (Abyss:1)
  A large abomination (Abyss:1)
  A small abomination (Abyss:1)
  A bullfrog (D:9)
  A killer bee zombie (D:9)
5 creatures vanquished.

Vanquished Creatures (others)
  17 plants (D:4)
17 creatures vanquished.

Grand Total: 237 creatures vanquished

Notes
Turn   | Place    | Note
-------+----------+-------------------------------------------
     0 | D:1      | robertstho the Deep Elf Ice Elementalist began the quest
                  | for the Orb.
     0 | D:1      | Reached XP level 1. HP: 10/10 MP: 6/6
   133 | D:1      | Reached XP level 2. HP: 13/15 MP: 0/8
   665 | D:1      | Reached skill level 4 in Spellcasting
   665 | D:1      | Reached XP level 3. HP: 15/19 MP: 8/10
   967 | D:1      | Found Jiralag's Distillery.
   977 | D:1      | Reached skill level 5 in Ice Magic
   979 | D:1      | Bought a potion of curing for 33 gold pieces
  1360 | D:2      | Found a faded altar of an unknown god.
  1481 | D:2      | Learned a level 3 spell: Frozen Ramparts
  1485 | D:2      | Learned a level 3 spell: Ozocubu's Armour
  1489 | D:2      | Learned a level 3 spell: Confusing Touch
  1760 | D:3      | Reached XP level 4. HP: 24/24 MP: 10/12
  2491 | D:3      | Reached XP level 5. HP: 28/28 MP: 10/14
  2898 | D:3      | Found a shimmering blue altar of Sif Muna.
  2907 | D:3      | Became a worshipper of Sif Muna the Loreminder
  2974 | D:3      | Reached skill level 1 in Short Blades
  2974 | D:3      | Reached skill level 5 in Spellcasting
  3178 | D:4      | Found Keymiah's Weapon Emporium.
  3203 | D:4      | Reached skill level 1 in Invocations
  3220 | D:4      | Noticed Blork the orc
  3233 | D:4      | Killed Blork the orc
  3234 | D:4      | Reached XP level 6. HP: 26/33 MP: 9/16
  3304 | D:4      | Found a stormy altar of Qazlal.
  3305 | D:4      | Found an opulent altar of Gozag.
  3306 | D:4      | Found a burning altar of Makhleb.
  3306 | D:4      | Found a hide-covered altar of Uskayaw.
  3306 | D:4      | Found a sacrificial altar of Ru.
  3308 | D:4      | Found a white marble altar of Elyvilon.
  3308 | D:4      | Found a basalt altar of Yredelemnul.
  3309 | D:4      | Found a blossoming altar of Fedhas.
  3460 | D:4      | Reached skill level 1 in Fighting
  3516 | D:4      | Noticed an orc warrior
  3537 | D:4      | Killed an orc warrior
  3538 | D:4      | Reached skill level 6 in Spellcasting
  3710 | D:4      | Identified a scroll of acquirement
  3710 | D:4      | Acquired the ring "Noimaz" {EV+4 Dex+6 Slay+6}
  3727 | D:4      | Reached XP level 7. HP: 38/38 MP: 14/18
  3760 | D:4      | Found a sand-covered staircase.
  3767 | Ossuary  | Entered an ossuary
  3899 | Ossuary  | Learned a level 4 spell: Hailstorm
  3904 | Ossuary  | Learned a level 4 spell: Summon Ice Beast
  4148 | Ossuary  | Reached * piety under Sif Muna
  4331 | Ossuary  | Reached skill level 7 in Spellcasting
  4974 | D:4      | Reached XP level 8. HP: 43/43 MP: 16/20
  5063 | D:4      | Reached ** piety under Sif Muna
  5694 | D:5      | Entered Level 5 of the Dungeon
  5891 | D:5      | Found a bloodstained altar of Trog.
  6249 | D:5      | Found an ornate altar of the Wu Jian Council.
  6458 | D:6      | Found a staircase to the Ecumenical Temple.
  7234 | D:6      | Found a snail-covered altar of Cheibriados.
  7851 | D:7      | Reached skill level 5 in Stealth
  8052 | D:7      | Reached skill level 8 in Spellcasting
  8358 | D:7      | Noticed Pikel
  8367 | D:7      | Killed Pikel
  8368 | D:7      | Reached skill level 1 in Conjurations
  8368 | D:7      | Reached XP level 9. HP: 43/48 MP: 11/23
  8451 | D:7      | Found a broken altar of Ashenzari.
  8520 | D:7      | Reached skill level 5 in Dodging
  8816 | D:7      | Reached skill level 9 in Spellcasting
  8886 | D:7      | Reached *** piety under Sif Muna
  9213 | D:8      | Reached skill level 5 in Invocations
  9437 | D:8      | Found a shadowy altar of Dithmenos.
  9448 | D:8      | Found an ornate altar of the Wu Jian Council.
  9835 | D:8      | Reached skill level 10 in Spellcasting
 10366 | D:8      | Reached XP level 10. HP: 27/53 MP: 17/26
 10367 | D:8      | Found an iron altar of Okawaru.
 10639 | D:8      | Upgraded the game from 0.27-a0-836-gfc908b8576 to
                  | 0.27-a0-860-gaf99fae3ca
 10993 | D:9      | Noticed Psyche
 11001 | D:9      | Cast into level 1 of the Abyss (Psyche)
 11053 | Abyss:1  | Noticed an orb spider
 11182 | Abyss:1  | Noticed a thrashing horror
 11202 | Abyss:1  | Slain by a thrashing horror

Illustrated notes

Levels and vault maps discovered:
D:1:      dpeg_arrival_rooms_with_view, layout_basic, serial_shops,
          nicolae_shop_crystal
D:2:      layout_basic, chequers_ecumenical_altar_simple_redux
D:3:      layout_loops_corners, led_sif_book, grunt_ministairs_15
D:4:      kennysheep_big_flooded_room, layout_layer_cave,
          grunt_temple_overflow_open, serial_shops, nicolae_shop_waterfront,
          serial_forest, infiniplex_forest_lined_3,
          infiniplex_forest_clump_small, infiniplex_forest_lined_2,
          infiniplex_forest_end_2, infiniplex_forest_clump_medium,
          infiniplex_forest_end_1, infiniplex_forest_clump_long,
          infiniplex_forest_straight_4, infiniplex_forest_end_3,
          infiniplex_forest_clump_small, enter_ossuary_4,
          hangedman_decor_diamond_cutter, uniq_blork_the_orc
D:5:      layout_basic, lemuel_doored_altar, trog_book
D:6:      layout_layer_cave, kennysheep_mini_moat, minmay_temple_entry_offerings
D:7:      layout_gridville, evilmike_ruin_ashenzari, uniq_pikel
D:8:      layout_basic, nicolae_dithmenos_the_darkroom,
          okawaru_ov_weapons_minmay, lemuel_tele_altar
D:9:      layout_loops_corners, kennysheep_orc_monster_closet_entryway,
          special_room [special_room_bee], uniq_psyche
Abyss:1:  base: D:8, evilmike_abyss_exit_glass

Skill      XL: |  1  2  3  4  5  6  7  8  9 |
---------------+----------------------------+-----
Spellcasting   | 4 5 6 7 8 10 | 10.8
Ice Magic      | 5 6 7 9 |  9.3
Stealth        | 3 4 5 |  5.6
Short Blades   | 1 2 3 4 |  4.5
Dodging        | 3 4 5 |  5.4
Invocations    | 1 2 4 5 |  5.7
Fighting       | 1 2 |  2.1
Conjurations   | 1 |  1.8
Summonings     | |  0.7

Action                   |  1- 3 |  4- 6 |  7- 9 | 10-12 || total
-------------------------+-------+-------+-------+-------++-------
Melee: Unarmed           |     6 |       |       |       ||     6
       Dagger            |    55 |   126 |   299 |     7 ||   487
 Cast: Freeze            |    28 |    10 |     8 |     2 ||    48
       Frozen Ramparts   |       |     8 |    14 |     1 ||    23
       Hailstorm         |       |       |    29 |       ||    29
       Confusing Touch   |       |       |     1 |       ||     1
       Ozocubu's Armour  |       |       |     4 |     1 ||     5
       Summon Ice Beast  |       |       |     5 |     3 ||     8
Invok: Forget Spell      |       |       |     1 |       ||     1
  Use: Scroll            |       |     7 |    11 |     3 ||    21
       Potion            |       |     3 |       |     3 ||     6
 Stab: Sleeping          |     4 |     4 |    10 |       ||    18
       Distracted        |       |       |     1 |       ||     1
Armor: Robe              |    20 |    76 |    43 |     4 ||   143
Dodge: Dodged            |    45 |    95 |   264 |    26 ||   430

Table legend: (Time is in decaauts)
 A = Elapsed time spent in this place.
 B = Non-inter-level travel time spent in this place.
 C = Inter-level travel time spent in this place.
 D = Time resting spent in this place.
 E = Time spent auto-exploring this place.
 F = Levels seen in this place.
 G = Mean time per level.
                   A        B        C        D        E       F      G
               +--------+--------+--------+--------+--------+-----+--------+
         Total |  11145 |  10996 |    149 |    484 |   8957 |  11 | 1013.2 |
       Dungeon |   9973 |   9824 |    149 |    139 |   8485 |   9 | 1108.1 |
         Abyss |    200 |    200 |      0 |     76 |     15 |   1 |  200.0 |
       Ossuary |    971 |    971 |      0 |    269 |    457 |   1 |  971.0 |
               +--------+--------+--------+--------+--------+-----+--------+

Top non-repeatable levels by time:
     D:8: 1610 daAuts
     D:4: 1519 daAuts
     D:3: 1440 daAuts
     D:6: 1370 daAuts
     D:7: 1245 daAuts
     D:1: 1170 daAuts
 Ossuary: 971 daAuts
     D:5: 712 daAuts
     D:2: 564 daAuts
     D:9: 341 daAuts
 Abyss:1: 200 daAuts
